 Dungeon Crawl Stone Soup version 0.26-a0-774-g1415c89e12 (webtiles) character file.

Game seed: 13866267270956732783

351 Gargoyl the Skirmisher (level 6, -4/53 HPs)
             Began as a Gnoll Abyssal Knight on Nov 9, 2020.
             Was a Believer of Lugonu.
             Killed by divine providence
             ... invoked by an orc priest
              (16 damage)
             ... on level 4 of the Dungeon.
             The game lasted 00:04:58 (2679 turns).

Gargoyl the Skirmisher (Gnoll Abyssal Knight)       Turns: 2679, Time: 00:04:59

Health: -4/53      AC: 12    Str: 16    XL:     6   Next: 61%
Magic:  9/9        EV:  5    Int: 15    God:    Lugonu [**....]
Gold:   303        SH: 14    Dex: 14    Spells: 9/9 levels left

rFire    + . .     SeeInvis .   a - +3 hand axe
rCold    . . .     Faith    .   k - +2 tower shield
rNeg     . . .     Spirit   .   d - +0 plate armour
rPois    .         Reflect  .   (no helmet)
rElec    .         Harm     .   (no cloak)
rCorr    .         Rampage  .   (no gloves)
MR       .....                  (no boots)
Stlth    ..........             (no amulet)
HPRegen  0.17/turn              b - +4 ring of evasion
MPRegen  0.11/turn              j - ring of protection from fire

@: slowed, very slow
A: distributed training, fangs 1, strong nose
a: Depart the Abyss, Bend Space, Renounce Religion


You were on level 4 of the Dungeon.
You worshipped Lugonu.
Lugonu was pleased with you.
You visited 1 branch of the dungeon, and saw 4 of its levels.
You visited the Abyss 1 time.

You collected 303 gold pieces.

Inventory:

Hand Weapons
 a - a +3 hand axe (weapon)
Missiles
 h - 29 poisoned darts (quivered)
Armour
 d - a +0 plate armour (worn)
 k - a +2 tower shield (worn)
Jewellery
 b - a +4 ring of evasion (left hand)
 j - a ring of protection from fire (right hand)
Scrolls
 e - 6 scrolls of identify
 g - 4 scrolls of remove curse
 i - a scroll of teleportation
 l - a scroll of magic mapping
Potions
 c - 3 potions of magic
 f - 2 potions of heal wounds
 m - a potion of brilliance {unknown}
 n - a potion of might {unknown}
 o - 2 potions of curing {unknown}
 p - a potion of resistance {unknown}


   Skills:
 + Level 6.8 Fighting
 + Level 2.0 Short Blades
 + Level 2.0 Long Blades
 + Level 5.0 Axes
 + Level 2.0 Maces & Flails
 + Level 2.0 Polearms
 + Level 2.0 Staves
 + Level 2.0 Slings
 + Level 2.0 Bows
 + Level 2.0 Crossbows
 + Level 2.0 Throwing
 + Level 5.0 Armour
 + Level 3.3 Dodging
 + Level 2.0 Stealth
 + Level 2.0 Shields
 + Level 2.0 Unarmed Combat
 + Level 2.0 Spellcasting
 + Level 1.6 Conjurations
 + Level 1.6 Hexes
 + Level 1.6 Summonings
 + Level 1.6 Necromancy
 + Level 1.6 Translocations
 + Level 1.6 Transmutations
 + Level 1.6 Fire Magic
 + Level 1.6 Ice Magic
 + Level 1.6 Air Magic
 + Level 1.6 Earth Magic
 + Level 1.6 Poison Magic
 + Level 5.1 Invocations
 + Level 2.0 Evocations


You had 9 spell levels left.
You didn't know any spells.
Your spell library contained the following spells:

 Spells                   Type           Power        Failure   Level
 Magic Dart               Conj           #...         100%        1
 Blink                    Tloc           N/A          100%        2
 Call Imp                 Summ           #.......     100%        2
 Slow                     Hex            #.......     100%        2
 Conjure Flame            Conj/Fire      #.......     100%        3
 Mephitic Cloud           Conj/Pois/Air  #.......     100%        3


Dungeon Overview and Level Annotations

Branches:
Dungeon (4/15)
 Temple: D:4-7

Altars:
Fedhas
Hepliaklqana
Sif Muna
Trog
The Shining One


Innate Abilities, Weirdness & Mutations

Your experience applies equally to all skills.
You have very sharp teeth.
Your uncanny sense of smell can sniff out nearby items.


Message History

The orc priest is almost dead.
Your plate armour prevents you from hitting the orc wizard.
You hit the orc wizard. You hit the gnoll.
You kill the gnoll!
Lugonu accepts your kill.
You closely miss the orc. You miss something.
You hit the iguana but do no damage. You block the orc wizard's attack.
The orc closely misses you. You block the orc priest's attack.
You block the orc's attack.
You hear some strange, mumbled words.
Something tries to affect you, but you resist.
The orc wizard casts a spell.
The orc wizard blinks!
The orc wizard casts a spell at you. The magic dart hits you.
* * * LOW HITPOINT WARNING * * *
The iguana bites you but does no damage.
The orc priest mumbles some strange prayers to Beogh against you.
Beogh smites you!
You die...

* *,,,,,*∆≈≈≈≈+,,* ##)(.....###
**,,,,,*,,,,,*,,* ##...(......#
*,,,,,,*####**,,* ##............
*,,,,,,,.....,,**##.......).....
**,,,,,,,.....,,*##..............
*,,,,,,,,......,##...............
*,,,,,,,,.....Z##................
*,,,,,,,,.....ooo§...............
,,,,,,,,,......l@).o.............
,,,,,,,,,.....#{o...?............
*,,,,,,,,...,,#.......#####......
**,,,,,,,.,,,*#.#....#.#**.#.....
***,,,,,,,,,,*#.#...#.#.#,*,*,,,,
*,*,,,,,****#.###.##.#[#∆**,,**
*,******* *..* #.#*#..[#**,,* *,*
*..* #.#*,#(#.**,,* *,* *,,*
*,*,*,*,*,*,,*


You could see an iguana, an orc priest, 2 orc wizards, 2 orcs and a howler
monkey skeleton.

Vanquished Creatures
  2 big kobolds (D:4)
  A hound (D:4)
  An iguana (D:4)
  An orc wizard (D:4)
  3 gnolls (D:4)
  2 adders
  An ufetubus (D:2)
  An adder skeleton (D:4)
  3 worms
  2 dart slugs
  7 orcs
  4 bats
  6 giant cockroaches
  4 goblins
  9 hobgoblins
  2 quokkas
  6 frilled lizards
  9 kobolds
  2 rats
66 creatures vanquished.

Vanquished Creatures (others)
  3 plants (D:1)
3 creatures vanquished.

Grand Total: 69 creatures vanquished

Notes
Turn   | Place    | Note
-------+----------+-------------------------------------------
     0 | Abyss:1  | Gargoyl the Gnoll Abyssal Knight began the quest for the
                  | Orb.
     0 | Abyss:1  | Reached XP level 1. HP: 23/23 MP: 3/3
    56 | Abyss:1  | Noticed a large abomination
   136 | Abyss:1  | Found a corrupted altar of Lugonu.
   146 | Abyss:1  | Noticed a chaos spawn
   200 | Abyss:2  | Noticed a wretched star
   201 | D:1      | Escaped the Abyss
   500 | D:1      | Reached XP level 2. HP: 29/29 MP: 5/5
   651 | D:1      | Reached * piety under Lugonu
   664 | D:1      | You fall into a shaft and drop 1 floor!
   967 | D:2      | Found a bloodstained altar of Trog.
   981 | D:2      | Reached XP level 3. HP: 35/35 MP: 6/6
  1039 | D:2      | Found a blossoming altar of Fedhas.
  1044 | D:2      | Found a hazy altar of Hepliaklqana.
  1047 | D:2      | Found a glowing golden altar of the Shining One.
  1454 | D:2      | Found a shimmering blue altar of Sif Muna.
  1536 | D:2      | Reached skill level 1 in Short Blades
  1536 | D:2      | Reached skill level 1 in Long Blades
  1536 | D:2      | Reached skill level 1 in Maces & Flails
  1536 | D:2      | Reached skill level 1 in Polearms
  1536 | D:2      | Reached skill level 1 in Staves
  1536 | D:2      | Reached skill level 1 in Slings
  1536 | D:2      | Reached skill level 1 in Bows
  1536 | D:2      | Reached skill level 1 in Crossbows
  1536 | D:2      | Reached skill level 1 in Throwing
  1536 | D:2      | Reached skill level 1 in Stealth
  1536 | D:2      | Reached skill level 1 in Shields
  1536 | D:2      | Reached skill level 1 in Unarmed Combat
  1536 | D:2      | Reached skill level 1 in Spellcasting
  1536 | D:2      | Reached skill level 1 in Evocations
  1765 | D:3      | Reached XP level 4. HP: 37/41 MP: 7/7
  2118 | D:4      | Noticed a big kobold
  2132 | D:4      | Reached ** piety under Lugonu
  2133 | D:4      | Killed a big kobold
  2133 | D:4      | Reached skill level 1 in Conjurations
  2133 | D:4      | Reached skill level 1 in Hexes
  2133 | D:4      | Reached skill level 1 in Summonings
  2133 | D:4      | Reached skill level 1 in Necromancy
  2133 | D:4      | Reached skill level 1 in Translocations
  2133 | D:4      | Reached skill level 1 in Transmutations
  2133 | D:4      | Reached skill level 1 in Fire Magic
  2133 | D:4      | Reached skill level 1 in Ice Magic
  2133 | D:4      | Reached skill level 1 in Air Magic
  2133 | D:4      | Reached skill level 1 in Earth Magic
  2133 | D:4      | Reached skill level 1 in Poison Magic
  2133 | D:4      | Reached XP level 5. HP: 46/47 MP: 8/8
  2459 | D:4      | Reached skill level 5 in Invocations
  2479 | D:4      | Reached XP level 6. HP: 31/53 MP: 9/9
  2646 | D:4      | Reached skill level 5 in Axes
  2646 | D:4      | Reached skill level 5 in Armour
  2679 | D:4      | Killed from afar by an orc priest

Illustrated notes

Levels and vault maps discovered:
D:1:      matt_arrival_refuge, layout_rooms, serial_forest,
          infiniplex_forest_lined_2, infiniplex_forest_lined_room_,
          infiniplex_forest_clump_curved, infiniplex_forest_clump_tiny,
          infiniplex_forest_lined_ring, infiniplex_forest_clump_tiny,
          infiniplex_forest_end_2, infiniplex_forest_clump_double, minivault_11,
          minmay_octomino_j4
D:2:      layout_loops_ring, led_sif_pool, grunt_temple_overflow_diamond,
          bloody_trog
D:3:      layout_rooms
D:4:      cheibrodos_thug_alley, layout_cave_pods,
          ebering_ghost_reflecting_pool, minmay_circle_x

Skill      XL: |  1  2  3  4  5  6 |
---------------+-------------------+-----
Short Blades   | 1 2 |  2.0
Long Blades    | 1 2 |  2.0
Maces & Flails | 1 2 |  2.0
Polearms       | 1 2 |  2.0
Staves         | 1 2 |  2.0
Slings         | 1 2 |  2.0
Bows           | 1 2 |  2.0
Crossbows      | 1 2 |  2.0
Throwing       | 1 2 |  2.0
Stealth        | 1 2 |  2.0
Shields        | 1 2 |  2.0
Unarmed Combat | 1 2 |  2.0
Spellcasting   | 1 2 |  2.0
Evocations     | 1 2 |  2.0
Conjurations   | 1 |  1.6
Hexes          | 1 |  1.6
Summonings     | 1 |  1.6
Necromancy     | 1 |  1.6
Translocations | 1 |  1.6
Transmutations | 1 |  1.6
Fire Magic     | 1 |  1.6
Ice Magic      | 1 |  1.6
Air Magic      | 1 |  1.6
Earth Magic    | 1 |  1.6
Poison Magic   | 1 |  1.6
Dodging        | 3 |  3.3
Invocations    | 5 |  5.1
Axes           | 5 |  5.0
Armour         | 5 |  5.0
Fighting       | |  6.8

Action                   |  1- 3 |  4- 6 || total
-------------------------+-------+-------++-------
Melee: Hand axe          |    90 |   117 ||   207
       Bite              |     7 |    10 ||    17
Invok: Depart the Abyss  |     1 |       ||     1
  Use: Scroll            |     5 |     4 ||     9
Armor: Plate armour      |    59 |    80 ||   139
Dodge: Dodged            |    27 |    22 ||    49
Block: Tower shield      |    12 |   100 ||   112

Table legend: (Time is in decaauts)
 A = Elapsed time spent in this place.
 B = Non-inter-level travel time spent in this place.
 C = Inter-level travel time spent in this place.
 D = Time resting spent in this place.
 E = Time spent auto-exploring this place.
 F = Levels seen in this place.
 G = Mean time per level.
                   A        B        C        D        E       F      G
               +--------+--------+--------+--------+--------+-----+--------+
         Total |   2714 |   2662 |     52 |    100 |   1898 |   6 |  452.3 |
       Dungeon |   2513 |   2461 |     52 |    100 |   1777 |   4 |  628.2 |
         Abyss |    200 |    200 |      0 |      0 |    121 |   2 |  100.0 |
               +--------+--------+--------+--------+--------+-----+--------+

Top non-repeatable levels by time:
     D:2: 917 daAuts
     D:4: 617 daAuts
     D:3: 513 daAuts
     D:1: 464 daAuts
 Abyss:1: 150 daAuts
 Abyss:2: 50 daAuts
